 Seeded DCSS version 0.28.0-43-g3370ac3207 (webtiles) character file.

Game seed: 7121082916606783627 (custom seed)

53 gzilladon the Chopper (level 3, -1/33 HPs)
             Began as a Hill Orc Monk on Mar 29, 2022.
             Was a Believer of Beogh.
             Slain by an adder (4 damage)
             ... on level 2 of the Dungeon.
             The game lasted 00:06:31 (1467 turns).

gzilladon the Chopper (Hill Orc Monk)               Turns: 1467, Time: 00:06:34

Health: -1/33      AC:  5    Str: 15    XL:     3   Next: 89%
Magic:  3/3        EV: 11    Int: 10    God:    Beogh [**....]
Gold:   103        SH:  0    Dex: 13    Spells: 2/2 levels left

rFire   . . .      SeeInvis .   a - +0 hand axe
rCold   . . .      Faith    .   (no shield)
rNeg    . . .      Spirit   .   g - +0 ring mail
rPois   .          Reflect  .   (no helmet)
rElec   .          Harm     .   (no cloak)
rCorr   .          Rampage  .   (no gloves)
Will    .....                   (no boots)
Stlth   +.........              (no amulet)
HPRegen 0.11/turn               (no ring)
MPRegen 0.08/turn               (no ring)

@: lethally poisoned (-1 -> -3), attractive
A: no striking features
a: Renounce Religion, Smiting


You were on level 2 of the Dungeon.
You worshipped Beogh.
Beogh was pleased with you.
You visited 1 branch of the dungeon, and saw 3 of its levels.

You collected 103 gold pieces.

Inventory:

Hand Weapons
 a - a +0 hand axe (weapon)
Missiles
 c - 39 stones (quivered)
 f - 8 poisoned darts
Armour
 b - a +0 robe
 d - a +0 leather armour
 g - a +0 ring mail (worn)
Scrolls
 e - a scroll of blinking {unknown}
 h - a scroll of immolation {unknown}
 i - a scroll of teleportation {unknown}
 k - a scroll of torment {unknown}
 l - 3 scrolls of identify {unknown}
 m - a scroll of summoning {unknown}


   Skills:
 * Level 4.2 Fighting
 + Level 5.1 Axes
 * Level 1.1 Armour
 + Level 2.7 Dodging
 - Level 1.5 Stealth


You had 2 spell levels left.
You didn't know any spells.
Your spell library was empty.

Dungeon Overview and Level Annotations

Branches:
Dungeon (3/15)

Altars:

Shops:
D:1 *


Message History

You are poisoned.
The adder poisons you!
You feel sick.
You closely miss the adder.
You feel sick. The adder bites you.
You are more poisoned.
The adder poisons you!
You barely miss the adder. You closely miss the ball python.
You feel sick. The adder bites you. The ball python barely misses you.
The ball python closely misses you. The adder bites you.
You are more poisoned.
The adder poisons you!
You hit the adder but do no damage. You hit the ball python.
You kill the ball python!
Beogh accepts your kill.
You feel very sick. The adder barely misses you.
You hit the adder but do no damage. You closely miss the orc.
You feel sick. The adder bites you but does no damage.
The orc barely misses you.
You closely miss the adder. You barely miss the orc.
You feel sick. The adder bites you.
* * * LOW HITPOINT WARNING * * *
The orc barely misses you. The adder closely misses you.
You hit the adder.
The adder is lightly wounded.
You closely miss the orc.
* * * LOW HITPOINT WARNING * * *
You feel sick. The adder bites you but does no damage.
The orc barely misses you.
It was a potion of attraction.
You feel attractive to monsters.
* * * LOW HITPOINT WARNING * * *
You feel sick. The adder bites you but does no damage.
The orc closely misses you.
You barely miss the adder.
The adder is lightly wounded.
You hit the orc but do no damage.
* * * LOW HITPOINT WARNING * * *
You feel sick. The adder closely misses you. The orc barely misses you.
The adder bites you.
You die...

#........#
##.#.#....
..#.#.#
#........#
#..#... #.#
...#..
#........#
##.#.#.#...#
#.
#........#
#...#... ..
#........#
##.#.#.#..
##########
#..#... #.
##.#.#...
#So.##.##
#@#......
#..##.###.
##.. ...
##.# #.# ..
... ### ##


You could see an adder and an orc.

Vanquished Creatures
  An adder (D:2)
  2 worms
  A dart slug (D:2)
  4 ball pythons (D:2)
  2 bats (D:1)
  4 endoplasms
  A giant cockroach (D:1)
  4 goblins
  5 hobgoblins
  4 quokkas (D:1)
  2 kobolds
  A rat (D:1)
31 creatures vanquished.

Vanquished Creatures (others)
  2 orc priests (D:3)
  A frilled lizard (D:3)
  A plant (D:1)
4 creatures vanquished.

Grand Total: 35 creatures vanquished

Notes
Turn   | Place    | Note
-------+----------+-------------------------------------------
     0 | D:1      | gzilladon the Hill Orc Monk began the quest for the Orb.
     0 | D:1      | Reached XP level 1. HP: 19/19 MP: 1/1
    59 | D:1      | Found Rirorouf's Assorted Antiques.
   425 | D:2      | Found a faded altar of an unknown god.
   433 | D:2      | Reached XP level 2. HP: 24/27 MP: 2/2
   491 | D:3      | Became a worshipper of Beogh the Brigand
   491 | D:3      | Reached * piety under Beogh
   491 | D:3      | Reached ** piety under Beogh
   593 | D:1      | Reached XP level 3. HP: 25/33 MP: 3/3
  1189 | D:2      | Reached skill level 5 in Axes
  1189 | D:2      | Reached skill level 1 in Armour
  1467 | D:2      | Slain by an adder

Illustrated notes

Levels and vault maps discovered:
D:1:      minmay_arrival_plants_in_alcoves, layout_rooms, serial_shops, shop,
          chequers_serial_rivers_large_b
D:2:      layout_rooms, hellmonk_ecumenical_altar_leap_of_faith,
          minmay_door_square, nicolae_concentric_dashed_squares_mild
D:3:      cheibrodos_fertilizer, layout_basic, lemuel_tele_altar,
          lemuel_zombie_altar_yredelemnul, serial_shops,
          nicolae_shop_behind_doors, serial_rivers,
          chequers_serial_rivers_small_a, chequers_serial_rivers_micro_c,
          chequers_serial_rivers_room_a, chequers_serial_rivers_micro_e,
          chequers_serial_rivers_small_a, kennysheep_generic_room_9

Skill      XL: |  1  2  3 |
---------------+----------+-----
Fighting       | 4 |  4.2
Axes           | 5 |  5.1
Armour         | 1 |  1.1
Dodging        | |  2.7
Stealth        | |  1.5

Action                   || total
-------------------------++-------
Melee: Hand axe          ||   107
       Punch             ||     2
Invok: Convert to Beogh  ||     1
  Use: Potion            ||     1
Armor: Leather armour    ||     2
       Ring mail         ||    30
Dodge: Dodged            ||    81
